 Dungeon Crawl Stone Soup version 0.31.0-11-ge490571c62 (webtiles) character file.

Game seed: 971506525943209629

32 SnakkuSnakku7 the Caller (level 3, -5/29 HPs)
             Began as a Ghoul Summoner on Jan 26, 2024.
             Slain by a gnoll
             ... wielding a +0 club
              (7 damage)
             ... on level 1 of the Dungeon.
             The game lasted 00:01:06 (791 turns).

SnakkuSnakku7 the Caller (Ghoul Summoner)            Turns: 791, Time: 00:01:06

Health: -5/29      AC:  5    Str: 13    XL:     3   Next: 25%
Magic:  5/5        EV: 12    Int: 14    God:
Gold:   100        SH:  0    Dex:  9    Spells: 4/5 levels left

rFire   . .          .
                       - Unarmed
rCold   + . .        (no shield)
rNeg    + + +        a - +0 robe
rPois   ∞            (no helmet)
rElec   .            g - +2 cloak
rCorr   .            (no gloves)
SInv    .            (no boots)
Will    .....        (no amulet)
Stlth   ++           (no ring)
HPRegen 0.00/turn    (no ring)
MPRegen 0.09/turn

%: no passive effects
@: inhibited regen
A: claws 1, cold resistance 1, negative energy resistance 3, inhibited
regeneration, torment resistance 2, devour on kill
a: no special abilities


You were on level 1 of the Dungeon.
You visited 1 branch of the dungeon, and saw 2 of its levels.

You collected 100 gold pieces.

Inventory:

Armour
 a - a +0 robe (worn)
 g - a +2 cloak (worn)
Scrolls
 c - 2 scrolls of teleportation {unknown}
 d - a scroll of amnesia {unknown}
 e - a scroll of identify {unknown}
 f - a scroll of torment {unknown}
Potions
 b - a potion of magic


   Skills:
 + Level 2.0 Fighting
 - Level 1.7 Dodging
 - Level 2.1 Stealth
 + Level 2.0 Unarmed Combat
 - Level 1.7 Spellcasting
 - Level 3.6 Summonings


You had 4 spell levels left.
You knew the following spells:

 Your Spells              Type           Power      Damage    Failure   Level
a - Summon Small Mammal   Summ           44%        N/A       5%          1

Your spell library contained the following spells:

 Spells                   Type           Power      Damage    Failure   Level
 Call Imp                 Summ           22%        N/A       9%          2
 Call Canine Familiar     Summ           11%        N/A       17%         3
 Summon Blazeheart Golem  Fire/Summ      6%         N/A       75%         4
 Summon Lightning Spire   Summ/Air       6%         N/A       75%         4
 Conjure Ball Lightning   Conj/Air       0%         3x3d6     100%        6
 Discord                  Hex            0%         N/A       100%        8
 Disjunction              Tloc           0%         N/A       100%        8


Dungeon Overview and Level Annotations

Branches:
Dungeon (2/15)

Altars:


Innate Abilities, Weirdness & Mutations

You are immune to poison.
You have sharp fingernails.
Your flesh is cold resistant. (rC+)
You are immune to negative energy. (rN+++)
You do not regenerate when monsters are visible.
You are immune to unholy pain and torment.
You thrive by killing the living.


Message History

You climb upwards.
There is a stone staircase leading down here.
You barely miss the gnoll. The gnoll hits you with a +0 club.
You scratch the gnoll but do no damage. The gnoll hits you with a +0 club!
You are too injured to fight recklessly!
You are too injured to fight recklessly!
You are too injured to fight recklessly!
You barely miss the gnoll. The gnoll closely misses you.
You scratch the gnoll.
The gnoll is moderately wounded.
The gnoll hits you with a +0 club.
* * * LOW HITPOINT WARNING * * *
You closely miss the gnoll.
The gnoll is moderately wounded.
The gnoll hits you but does no damage.
You scratch the gnoll but do no damage.
The gnoll is moderately wounded.
The gnoll hits you with a +0 club.
* * * LOW HITPOINT WARNING * * *
You scratch the gnoll but do no damage.
The gnoll is moderately wounded.
The gnoll barely misses you.
You scratch the gnoll but do no damage.
The gnoll is moderately wounded.
The gnoll barely misses you.
You barely miss the gnoll.
The gnoll is moderately wounded.
The gnoll hits you with a +0 club.
* * * LOW HITPOINT WARNING * * *
You barely miss the gnoll.
The gnoll is moderately wounded.
The gnoll hits you with a +0 club.
* * * LOW HITPOINT WARNING * * *
You scratch the gnoll.
The gnoll is heavily wounded.
The gnoll barely misses you.
You scratch the gnoll.
The gnoll is severely wounded.
The gnoll hits you with a +0 club!
You die...

.......##...........##.### #..
....................##÷########..
..............[.....#.........#..
..............................#..
............##+###............#..
..............................#..
.................###'#........#.#
...............g.###.#........#.#
............#...@..).#........#.#
#######.....#....#####........#..
#######....##.#.......#####
#....#..#...........#
#....#.##....#...~~≈.
#....#....#..#...~~~≈
####.#....#....~~~.~≈
#......##....~..~≈
##............~≈~≈


You could see a gnoll.

Vanquished Creatures
  2 dart slugs (D:1)
  An endoplasm (D:1)
  2 giant cockroaches (D:1)
  3 goblins (D:1)
  3 hobgoblins (D:1)
  2 jackals (D:1)
  2 quokkas (D:1)
  2 bats (D:1)
  3 kobolds
  4 rats (D:1)
24 creatures vanquished.

Notes
Turn   | Place    | Note
-------+----------+-------------------------------------------
     0 | D:1      | SnakkuSnakku7 the Ghoul Summoner began the quest for the
                  | Orb.
     0 | D:1      | Reached XP level 1. HP: 14/14 MP: 3/3
   106 | D:1      | Reached skill level 1 in Fighting
   106 | D:1      | Reached skill level 1 in Unarmed Combat
   106 | D:1      | Reached XP level 2. HP: 16/23 MP: 4/4
   347 | D:1      | Reached XP level 3. HP: 24/29 MP: 5/5
   791 | D:1      | Slain by a gnoll

Illustrated notes

Levels and vault maps discovered:
D:1:      dpeg_arrival_more_subterranean_lakeside_camping, layout_basic
D:2:      layout_basic

Skill      XL: |  1  2  3 |
---------------+----------+-----
Fighting       | 1 2 |  2.0
Unarmed Combat | 1 2 |  2.0
Dodging        | |  1.7
Stealth        | |  2.1
Spellcasting   | |  1.7
Summonings     | |  3.6

Action                     || total
---------------------------++-------
  Melee: Unarmed           ||   103
         Punch             ||     2
   Stab: Sleeping          ||     1
 Armour: Robe              ||    69
  Dodge: Dodged            ||    61
